Map: Frozen Temple

Players

BUSDRIVER - Winner!

  • Race: Protoss Protoss
  • League: Diamond

MangoMosh

  • Race: Zerg Zerg
  • League: Diamond

VOD

Have the link to the VOD?

Description

Time

  • Played on: April 3, 2016, 2:42 p.m.
  • Length: 12:08
Show
View Real Time Build Order
Export as new Build Order

BUSDRIVER Protoss - Winner!

Build Orders: 1 Gate Expand 

Get SALT Encoding   

  12  0:01  Probe (Chrono Boost)  
  13  0:11  Probe (Chrono Boost)  
  14  0:22  Probe (Chrono Boost)  
  15  0:33  Pylon  
  15  0:51  Probe (Chrono Boost)  
  15  0:54  Gateway  
  16  1:02  Probe (Chrono Boost)  
  17  1:12  Probe (Chrono Boost)  
  18  1:20  Assimilator  
  18  1:23  Probe (Chrono Boost)  
  19  1:26  Assimilator  
  19  1:28  Nexus  
  19  1:35  Probe (Chrono Boost)  
  20  1:44  Cybernetics Core  
  20  1:47  Pylon  
  20  1:50  Probe (Chrono Boost)  
  21  2:01  Probe (Chrono Boost)  
  22  2:11  Probe (Chrono Boost)  
  22  2:15  Forge  
  23  2:22  Probe (Chrono Boost)  
  24  2:23  Stalker  
  26  2:32  Probe (Chrono Boost)  
  27  2:39  Pylon  
  27  2:43  Probe x2 (Chrono Boost)  
  29  2:50  Assimilator  
  29  2:53  Probe x2 (Chrono Boost)  
  31  3:04  Probe (Chrono Boost)  
  31  3:05  Photon Cannon  
  32  3:06  Probe (Chrono Boost)  
  33  3:15  Probe (Chrono Boost)  
  33  3:16  Probe (Chrono Boost)  
  35  3:20  Assimilator  
  35  3:26  Probe (Chrono Boost)  
  36  3:27  Probe (Chrono Boost)  
  36  3:33  Stargate  
  37  3:36  Probe (Chrono Boost)  
  37  3:38  Probe (Chrono Boost)  
  37  3:41  Pylon  
  39  3:51  Stargate  
  39  3:53  Stargate  
  39  3:59  Probe (Chrono Boost)  
  41  4:04  Pylon  
  41  4:09  Mothership Core (Chrono Boost)  
  42  4:15  Photon Cannon  
  42  4:23  Photon Cannon  
  42  4:29  Pylon  
  41  4:43  Void Ray  
  41  4:44  Void Ray  
  46  4:56  Pylon  
  46  4:58  Pylon  
  46  5:02  Photon Cannon  
  46  5:13  Pylon  
  43  5:27  Forge  
  43  5:31  Gateway  
  43  5:33  Probe (Chrono Boost)  
  44  5:43  Probe (Chrono Boost)  
  44  5:54  Probe (Chrono Boost)  
  42  6:04  Probe (Chrono Boost)  
  37  6:15  Probe (Chrono Boost)  
  37  6:25  Void Ray x2  
  17  7:31  Probe (Chrono Boost)  
  17  9:51  Assimilator  
Show
View Real Time Build Order
Export as new Build Order

MangoMosh Zerg 

Build Orders: Hatch First, Ravager All-In 

Get SALT Encoding   

  12  0:00  Drone  
  13  0:08  Drone  
  14  0:19  Extractor  
  14  0:20  Extractor, Drone  
  13  0:22  Drone  
  16  0:45  Hatchery  
  16  0:49  Overlord  
  15  1:07  Drone x3  
  18  1:19  Spawning Pool, Drone  
  18  1:30  Drone  
  19  1:40  Drone  
  20  1:54  Drone  
  20  1:58  Drone  
  22  2:05  Drone  
  22  2:06  Queen x2  
  22  2:07  Roach Warren  
  27  2:08  Zergling x2  
  27  2:14  Overlord  
  27  2:21  Extractor  
  27  2:22  Extractor, Drone  
  26  2:25  Extractor, Drone  
  26  2:31  Drone  
  26  2:35  Drone  
  28  2:46  Drone x2  
  30  2:52  Overlord  
  30  2:58  Roach  
  32  3:03  Roach  
  34  3:06  Roach  
  36  3:13  Roach  
  36  3:16  Roach x3  
  36  3:18  Overlord  
  44  3:25  Metabolic Boost  
  44  3:30  Overlord  
  44  3:41  Roach x2  
  48  3:49  Roach  
  48  3:52  Ravager x2  
  52  4:00  Drone x2  
  52  4:01  Ravager  
  55  4:18  Roach x2  
  55  4:23  Overlord  
  56  4:38  Ravager  
  56  4:39  Overlord  
  56  4:46  Roach x3, Ravager  
  56  4:47  Roach  
  65  4:54  Roach  
  65  4:58  Ravager  
  68  5:00  Ravager  
  69  5:08  Ravager  
  70  5:20  Roach x3  
  76  5:22  Overlord  
  76  5:24  Overlord  
  76  5:33  Overlord  
  76  5:42  Ravager  
  74  5:43  Ravager  
  75  5:53  Roach  
  75  5:54  Roach x5  
  81  6:17  Roach x3  
  81  6:18  Roach  
  82  6:27  Roach  
  82  6:28  Roach x3  
  81  6:41  Roach  
  78  6:47  Roach x3  
  78  6:51  Ravager x2  
  75  7:01  Queen  
  62  7:24  Lair  
  60  7:38  Queen  
  62  7:48  Ravager x2  
  64  7:53  Roach x3  
  64  7:54  Roach x3  
  72  8:20  Spine Crawler, Spore Crawler  
  72  8:26  Spine Crawler  
  65  8:28  Spine Crawler  
  65  8:30  Spore Crawler  
  43  9:05  Hatchery  
  42  9:15  Hatchery  
  42  9:41  Drone x5  
  6  10:57  Drone x3  
Tags
 
Add a new tag
Caveats
  • Supply blocks, unpowered buildings, or Contaminate may cause inaccurate times.
  • Supply counts are checked every 10 seconds.